 Dungeon Crawl Stone Soup version 0.26-a0-651-gb41185065b (webtiles) character file.

Game seed: 14083025961671697131

(classic levelgen) 26868 EnegeticOcto the Cleaver (level 13, 0/120 HPs)
             Began as a Deep Dwarf Fighter on Oct 10, 2020.
             Was a High Priest of Makhleb.
             Slain by an earth elemental (9 damage)
             ... on level 4 of the Abyss.
             The game lasted 00:07:59 (9005 turns).

EnegeticOcto the Cleaver (Deep Dwarf Fighter)       Turns: 9005, Time: 00:08:00

Health: 0/120      AC: 21    Str: 26    XL:     13   Next: 1%
Magic:  4/4        EV:  7    Int:  8    God:    Makhleb [*****.]
Gold:   544        SH: 13    Dex: 12    Spells: 12/12 levels left

rFire    + . .     SeeInvis .   Q - +5 war axe (drain)
rCold    . . .     Faith    .   c - +1 kite shield
rNeg     . . .     Spirit   .   B - +0 plate armour
rPois    .         Reflect  .   s - +2 helmet
rElec    .         Harm     .   (no cloak)
rCorr    .         Rampage  .   M - +2 pair of gloves {archery}
MR       +....                  (no boots)
Stlth    ..........             (no amulet)
HPRegen  0.00/turn              L - ring of protection from fire
MPRegen  0.09/turn              (no ring)

@: non-regenerating, slowed, very slow
A: damage resistance, heal wounds, sense surroundings 2, no regeneration
a: Heal Wounds, Minor Destruction, Lesser Servant of Makhleb, Major Destruction,
Greater Servant of Makhleb, Renounce Religion


You were on level 4 of the Abyss.
You worshipped Makhleb.
Makhleb was extremely pleased with you.
You visited 2 branches of the dungeon, and saw 14 of its levels.
You visited the Abyss 1 time.
You also visited: Ossuary.

You collected 895 gold pieces.
You spent 351 gold pieces at shops.

Inventory:

Hand Weapons
 Q - a +5 war axe of draining (weapon)
Missiles
 H - 3 throwing nets (quivered)
Armour
 c - a +1 kite shield (worn)
 s - a +2 helmet (worn)
 B - a +0 plate armour (worn)
 M - a +2 pair of gloves of archery (worn)
Jewellery
 L - a ring of protection from fire (left hand)
Wands
 f - a wand of iceblast (7) {@v2}
 k - a wand of acid (10) {@v1}
 w - a wand of paralysis (9)
 E - a wand of enslavement (13)
Scrolls
 a - 2 scrolls of identify {@r1}
 b - 2 scrolls of immolation {@r4}
 m - 5 scrolls of remove curse {@r2}
 p - a scroll of enchant armour
 r - 3 scrolls of magic mapping {@r5}
 u - a scroll of brand weapon {unknown}
 v - a scroll of fear
 F - a scroll of blinking
Potions
 d - a potion of might {@q3}
 e - 2 potions of stabbing {@q5}
 h - 3 potions of haste {@q4}
 i - a potion of cancellation
 j - 4 potions of lignification {@q7}
 l - 4 potions of heal wounds {@q2}
 n - a potion of berserk rage
 o - 5 potions of mutation
 q - 4 potions of flight
 t - 3 potions of resistance {unknown}
 z - 5 potions of curing {unknown}
 D - a potion of invisibility {unknown}
 J - a potion of ambrosia {unknown}
 K - 3 potions of degeneration {unknown}
 O - 2 potions of magic {unknown}


   Skills:
 + Level 8.9 Fighting
 * Level 13.8 Axes
 + Level 10.5 Armour
 + Level 2.2 Dodging
 + Level 10.6 Shields
 + Level 11.1 Invocations


You had 12 spell levels left.
You didn't know any spells.
Your spell library was empty.

Dungeon Overview and Level Annotations

Branches:
Dungeon (13/15)            Temple (1/1) D:5            Lair (0/6) D:8
    Orc (0/2) D:12        Ossuary (visited)
 Vaults: D:13-14

Altars:
Ashenzari
Cheibriados
Dithmenos
Elyvilon
Fedhas
Gozag
Hepliaklqana
Kikubaaqudgha
Makhleb
Nemelex Xobeh
Okawaru
Qazlal
Ru
Sif Muna
Trog
Uskayaw
Vehumet
Wu Jian
Xom
Yredelemnul
Zin
The Shining One

Shops:
D:6 =?=(   D:10 *   D:12 [   D:13 =

Annotations:
D:5 2 transporters, Finra's ghost, novice GrFi
D:9 exclusion: ice statue
D:12 2 runed translucent doors


Innate Abilities, Weirdness & Mutations

You are resistant to damage.
You can heal yourself by infusing magical energy.
You passively map the area around you.
You do not regenerate.


Message History

You slash the tyrant leech! You drain the tyrant leech.
You hit the earth elemental but do no damage.
You block the tyrant leech's attack.
The tyrant leech bites you but does no damage.
The earth elemental hits you.
The worldbinder calls forth creatures from the Crypt!
You closely miss the tyrant leech.
The tyrant leech is heavily wounded.
You hit the earth elemental but do no damage. x2
You hit the tyrant leech. You drain the tyrant leech.
You hit the tyrant leech but do no damage.
You drain the tyrant leech.
The tyrant leech is severely wounded.
You slash the earth elemental! x2; You miss the tyrant leech.
The tyrant leech closely misses you. You block the tyrant leech's attack.
You block the earth elemental's attack. The earth elemental hits you!
You closely miss the tyrant leech.
The tyrant leech is severely wounded.
You hit the tyrant leech. You drain the tyrant leech.
You hit the earth elemental.
Your shield and plate armour prevent you from hitting the earth elemental.
The tyrant leech bites you!
The tyrant leech draws strength from your injuries!
You block the tyrant leech's attack.
You slice the tyrant leech!! You drain the tyrant leech!
The tyrant leech is almost dead.
You barely miss the earth elemental.
You hit the earth elemental but do no damage.
You hit the tyrant leech but do no damage.
The worldbinder calls forth creatures from the Crypt!
The earth elemental hits you!! The earth elemental barely misses you.
You block the tyrant leech's attack.
You miss the tyrant leech.
The tyrant leech is almost dead.
You hit the earth elemental.
You hit the earth elemental but do no damage.
You miss the tyrant leech.
The tyrant leech bites you but does no damage.
You miss the tyrant leech.
The tyrant leech is almost dead.
You barely miss the tyrant leech.
You hit the earth elemental but do no damage.
You barely miss the earth elemental.
The shadow disappears in a puff of smoke!
The tyrant leech bites you.
The tyrant leech draws strength from your injuries!
You block the earth elemental's attack. The earth elemental barely misses you.
You slash the tyrant leech!
You kill the tyrant leech!
Makhleb accepts your kill.
You feel better.
You hit the tyrant leech but do no damage.
You hit the earth elemental but do no damage. x2
The shadow slips into darkness.
The shadow flickers and vanishes!
Deactivating autopickup; reactivate with Ctrl-A.
The tyrant leech bites you but does no damage.
You slash the tyrant leech!
The tyrant leech is severely wounded.
You barely miss the earth elemental. You hit the earth elemental.
The earth elemental hits you! x2; You block the tyrant leech's attack.
You are too injured to fight recklessly!
You are too injured to fight recklessly!
You are too injured to fight recklessly!
You are too injured to fight recklessly!
You are too injured to fight recklessly!
You are too injured to fight recklessly!
You are too injured to fight recklessly!
You are too injured to fight recklessly!
You are too injured to fight recklessly!
You are too injured to fight recklessly!
You are too injured to fight recklessly!
You are too injured to fight recklessly!
You are too injured to fight recklessly!
You are too injured to fight recklessly!
You are too injured to fight recklessly!
You are too injured to fight recklessly!
Reactivating autopickup.
The tyrant leech bites you.
The tyrant leech draws strength from your injuries!
The earth elemental hits you but does no damage.
You block the earth elemental's attack.
A hellion comes into view.
The hellion gives a hideous shriek!
You hear a roar!
The worldbinder calls forth creatures from the Crypt!
You block the tyrant leech's attack. The earth elemental barely misses you.
The wraith disappears in a puff of smoke!
The earth elemental hits you!!
* * * LOW HITPOINT WARNING * * *
You block the tyrant leech's attack. The wraith hits you.
* * * LOW HITPOINT WARNING * * *
The wraith drains your vigour!
You feel yourself slow down. The wraith hits you.
* * * LOW HITPOINT WARNING * * *
The earth elemental barely misses you.
The shadow slips into darkness.
The shadow flickers and vanishes!
Deactivating autopickup; reactivate with Ctrl-A.
The earth elemental hits you!
You die...

#. . ........ ##.
.....#.(.# .. #. §
#(#!#(# # . .. §
#.#.8)#.# #. #
###...#..(# # #
##.(..(.......
#.#...###WE{......
#........(†@Ex#
#.###...$###w.#
#.#.. (.W2# ###
#..... # . (......
.#(# #.(.#... # .
#.#(#$#. #. #(#(#
# ...


You could see a tyrant leech (drained), 2 earth elementals, a worldbinder, a
hellion and 2 wraiths.

Vanquished Creatures
  A hydra (D:11)
  Harold (D:11)
  A rakshasa (Abyss:3)
  2 death knights
  2 centaur warriors
  5 two-headed ogres
  A skeletal warrior (D:13)
  A wretched star (Abyss:3)
  2 starcursed masses (Abyss:3)
  A cyclops (D:11)
  A deep elf mage (D:12)
  A mana viper (Abyss:3)
  3 ugly things (D:12)
  A manticore (D:12)
  A gargoyle (D:12)
  A komodo dragon (D:12)
  An ancient zyme (Abyss:3)
  A hellwing (Abyss:3)
  2 trolls (D:9)
  A tyrant leech (Abyss:4)
  2 hippogriffs
  7 yaks
  6 wraiths
  A ynoxinul (Abyss:3)
  A shadow (D:11)
  A wyvern (D:9)
  A chaos spawn (Abyss:3)
  2 large abominations
  An insubstantial wisp (Abyss:3)
  2 water moccasins
  A soldier ant (D:13)
  11 orc warriors
  3 ice beasts
  3 sky beasts
  2 black bears
  3 phantoms
  7 ogres
  6 centaurs
  A crocodile (D:8)
  3 big kobolds
  A gnoll sergeant (D:5)
  6 bullfrogs
  A wyvern skeleton (D:9)
  4 scorpions
  A water moccasin zombie (D:10)
  17 killer bees
  18 wights
  2 bullfrog zombies
  3 bullfrog skeletons
  5 jellies
  3 centaur zombies
  4 orc priests
  2 centaur skeletons
  6 hounds
  3 iguanas
  9 worker ants
  16 orc wizards
  3 big kobold zombies (Ossuary)
  4 mummies (Ossuary)
  2 hound skeletons
  A worker ant zombie (D:8)
  3 gnolls (D:5)
  A howler monkey skeleton (D:4)
  5 adders
  5 shadow imps
  A white imp (D:9)
  4 ufetubi
  2 oozes (D:4)
  2 adder zombies
  A dart slug (D:1)
  4 leopard geckos
  48 orcs
  6 bats
  5 giant cockroaches
  3 goblins
  6 hobgoblins
  7 jackals
  3 quokkas
  3 ball pythons
  A ball python skeleton (D:4)
  3 frilled lizards
  2 hobgoblin zombies (Ossuary)
  15 kobolds
  2 leopard gecko skeletons
  2 leopard gecko zombies
  A quokka zombie (D:9)
  2 rats
  2 rat zombies (D:6)
344 creatures vanquished.

Vanquished Creatures (collateral kills)
  A death knight (D:12)
  A cyclops (D:11)
  A manticore (D:11)
  A hippogriff (D:12)
  An orc warrior (D:11)
  A sky beast (D:11)
  An ogre (D:11)
  3 centaurs (D:12)
  A bullfrog skeleton (D:11)
  An orc (D:11)
  4 kobolds (D:11)
16 creatures vanquished.

Vanquished Creatures (others)
  An orc wizard (D:7)
  6 plants (D:5)
7 creatures vanquished.

Grand Total: 367 creatures vanquished

Notes
Turn   | Place    | Note
-------+----------+-------------------------------------------
     0 | D:1      | EnegeticOcto the Deep Dwarf Fighter began the quest for the
                  | Orb.
     0 | D:1      | Reached XP level 1. HP: 20/20 MP: 1/1
    33 | D:1      | Reached XP level 2. HP: 27/27 MP: 2/2
   242 | D:2      | Reached skill level 3 in Axes
   245 | D:2      | Reached XP level 3. HP: 29/33 MP: 2/2
   432 | D:4      | Reached XP level 4. HP: 26/42 MP: 3/3
   715 | D:4      | Reached skill level 4 in Axes
   715 | D:4      | Reached XP level 5. HP: 35/49 MP: 4/4
  1020 | D:4      | Noticed a phantom
  1088 | D:4      | Killed a phantom
  1233 | D:5      | Entered Level 5 of the Dungeon
  1263 | D:5      | Found a transporter.
  1267 | D:5      | Noticed a sky beast
  1300 | D:5      | Killed a sky beast
  1300 | D:5      | Reached XP level 6. HP: 40/57 MP: 5/5
  1321 | D:5      | Found a blossoming altar of Fedhas.
  1384 | D:5      | Reached skill level 5 in Axes
  1435 | D:5      | Found a staircase to the Ecumenical Temple.
  1457 | D:5      | Found a radiant altar of Vehumet.
  1482 | Temple   | Entered the Ecumenical Temple
  1589 | Temple   | Became a worshipper of Makhleb the Destroyer
  1656 | D:5      | Reached skill level 1 in Invocations
  1763 | D:5      | Found a transporter.
  1766 | D:5      | Identified the +8 trident of Mykeyff {elec, Str+3 Dex+6
                  | SInv Stlth-}
  1772 | D:5      | Identified the ring "Ukuvye" {*Tele rElec Str-5 Dex+4}
  1773 | D:5      | Noticed Finra's ghost (novice GrFi)
  1987 | D:6      | Reached XP level 7. HP: 40/63 MP: 5/7
  2032 | D:6      | Found Giklom's Jewellery Emporium.
  2047 | D:6      | Found a sand-covered staircase.
  2055 | Ossuary  | Entered an ossuary
  2073 | Ossuary  | Reached skill level 5 in Shields
  2075 | Ossuary  | Reached skill level 5 in Armour
  2171 | D:6      | Reached skill level 6 in Axes
  2218 | D:6      | Reached * piety under Makhleb
  2269 | D:6      | Found Edwuatom's Magic Scroll Boutique.
  2278 | D:6      | Bought a scroll of blinking for 75 gold pieces
  2278 | D:6      | Bought a scroll of enchant weapon for 75 gold pieces
  2303 | D:6      | Found Fuhaeps's Jewellery Emporium.
  2486 | D:6      | Reached XP level 8. HP: 32/73 MP: 7/7
  2687 | D:6      | Found Ismutzur's Antique Weapon Shop.
  3098 | D:7      | Reached skill level 7 in Axes
  3834 | D:8      | Reached skill level 5 in Fighting
  3879 | D:8      | Reached ** piety under Makhleb
  3942 | D:8      | Noticed a two-headed ogre
  3984 | D:8      | Killed a two-headed ogre
  3984 | D:8      | Reached skill level 8 in Axes
  3984 | D:8      | Reached skill level 5 in Invocations
  3984 | D:8      | Gained mutation: You passively map the area around you.
                  | [Deep Dwarf growth]
  3984 | D:8      | Reached XP level 9. HP: 79/81 MP: 4/6
  4368 | D:6      | Bought a runed war axe for 182 gold pieces
  4551 | D:8      | Found a staircase to the Lair.
  4558 | D:8      | Reached skill level 9 in Axes
  4740 | D:8      | Reached XP level 10. HP: 91/91 MP: 6/6
  5158 | D:9      | Reached *** piety under Makhleb
  5338 | D:9      | Reached skill level 10 in Axes
  5372 | D:9      | Noticed an ice statue
  5858 | D:10     | Entered Level 10 of the Dungeon
  5877 | D:10     | Noticed a two-headed ogre
  5887 | D:10     | Killed a two-headed ogre
  5926 | D:10     | Found Naot's Assorted Antiques.
  5939 | D:10     | Bought a scroll labeled DEXUONEMESI for 19 gold pieces
  6057 | D:10     | Reached skill level 11 in Axes
  6115 | D:10     | Reached **** piety under Makhleb
  6219 | D:10     | Reached XP level 11. HP: 100/100 MP: 9/9
  6270 | D:11     | Noticed a six-headed hydra
  6279 | D:11     | Killed a 12-headed hydra
  6519 | D:11     | Noticed Harold
  6528 | D:11     | Killed Harold
  6928 | D:12     | Noticed a purple ugly thing
  6941 | D:12     | Killed a purple ugly thing
  6990 | D:12     | Found Ubyst's Armour Shoppe.
  6995 | D:12     | Found a staircase to the Orcish Mines.
  7000 | D:12     | Reached ***** piety under Makhleb
  7007 | D:12     | Reached skill level 12 in Axes
  7045 | D:12     | Noticed a two-headed ogre
  7055 | D:12     | Killed a two-headed ogre
  7331 | D:12     | Noticed a centaur warrior
  7331 | D:12     | Noticed a death knight
  7331 | D:12     | Noticed a death knight
  7331 | D:12     | Noticed a deep elf mage
  7357 | D:12     | Killed a centaur warrior
  7367 | D:12     | Killed a death knight
  7384 | D:12     | Killed a death knight
  7384 | D:12     | Reached XP level 12. HP: 72/110 MP: 7/7
  7392 | D:12     | Reached skill level 10 in Invocations
  7665 | D:12     | Found a runed translucent door.
  7665 | D:12     | Found a runed translucent door.
  7977 | D:13     | Noticed a two-headed ogre
  7977 | D:13     | Noticed a centaur warrior
  7985 | D:13     | Killed a two-headed ogre
  7985 | D:13     | Reached skill level 13 in Axes
  7985 | D:13     | Reached skill level 10 in Shields
  7994 | D:13     | Killed a centaur warrior
  8004 | D:13     | Found Vesm's Jewellery Shoppe.
  8028 | D:13     | Reached skill level 10 in Armour
  8076 | D:13     | Noticed a death knight
  8096 | D:13     | Killed a death knight
  8431 | D:13     | Noticed a two-headed ogre
  8442 | D:13     | Killed a two-headed ogre
  8462 | D:13     | Cast into level 2 of the Abyss (a wizard)
  8548 | Abyss:3  | Noticed a bone dragon
  8710 | Abyss:3  | Reached skill level 1 in Dodging
  8736 | Abyss:3  | Found a corrupted altar of Lugonu.
  8807 | Abyss:3  | Noticed a starcursed mass
  8846 | Abyss:3  | Killed a starcursed mass
  8854 | Abyss:3  | Killed a starcursed mass
  8912 | Abyss:3  | Noticed a rakshasa
  8954 | Abyss:3  | Killed a rakshasa
  8954 | Abyss:3  | Reached XP level 13. HP: 97/120 MP: 2/4
  9005 | Abyss:4  | Slain by an earth elemental

Illustrated notes

Levels and vault maps discovered:
D:1:      minmay_arrival_stone_box, layout_rooms
D:2:      layout_loops_cross, serial_glass, glass_columns_a, glass_columns_a,
          feat_on_display, item_on_display_a, item_on_display_a, uniq_terence,
          uniq_jessica
D:3:      layout_basic, gup_sewer_entry_glass, minmay_misc_feat_nine_boxes
D:4:      layout_basic
D:5:      layout_gridville, vehumet_crystals, minmay_temple_entry_hall,
          gammafunk_ghost_gnarly_gnolls, chequers_serial_rivers_micro_b,
          fedhas_altar_3
D:6:      layout_basic, enter_ossuary_4, serial_shops, shop_fountains,
          kennysheep_mini_moat, shop, nicolae_shop_waterfront
D:7:      layout_loops_ring
D:8:      minmay_clustersquares, layout_loops_corners
D:9:      cheibrodos_frozen_isle, layout_basic
D:10:     layout_rooms, serial_shops, shop
D:11:     layout_roguey, uniq_harold
D:12:     minmay_the_grid_four_pointed_star [minmay_the_grid_triangle_9x9_sprig,
          minmay_the_grid_triangle_9x9_corruption,
          minmay_the_grid_triangle_9x9_thin_v,
          minmay_the_grid_triangle_9x9_tough_junction,
          minmay_the_grid_prize_big_room], layout_basic, orc_david_3
D:13:     layout_basic, david_vaults_1, serial_shops,
          nicolae_shop_competitors_out_of_business,
          hangedman_abyss_or_decor_stagger
Temple:   kilobyte_greek_temple
Abyss:4:  base: D:1, bh_abyss_exit_grid, nicolae_abyss_rune_star_stuff,
          bh_abyss_exit_grid, evilmike_abyss_exit_plants,
          hangedman_stitches_earthworm, evilmike_abyss_exit_chaos

Skill      XL: |  1  2  3  4  5  6  7  8  9 10 11 12 |
---------------+-------------------------------------+-----
Axes           | 3 4 5 6 8 9 11 12 13 | 13.8
Fighting       | 3 4 5 6 7 8 |  8.9
Armour         | 4 5 6 7 8 9 10 | 10.5
Shields        | 4 5 6 7 8 9 10 | 10.6
Invocations    | 1 3 5 6 8 9 11 | 11.1
Dodging        | 2 |  2.2

Action                   |  1- 3 |  4- 6 |  7- 9 | 10-12 | 13-15 || total
-------------------------+-------+-------+-------+-------+-------++-------
Melee: War axe           |    90 |   135 |   393 |   722 |    19 ||  1359
Invok: Lesser Servant of |       |       |       |     6 |       ||     6
 Abil: Heal Wounds       |     2 |     7 |    14 |    24 |       ||    47
  Use: Scroll            |       |       |    20 |    15 |     1 ||    36
 Stab: Distracted        |       |       |       |     1 |       ||     1
Armor: Scale mail        |    47 |    55 |       |       |       ||   102
       Chain mail        |       |     6 |       |       |       ||     6
       Plate armour      |       |       |   261 |   356 |     8 ||   625
Dodge: Dodged            |    32 |    33 |    79 |   141 |     7 ||   292
Block: Kite shield       |    58 |    79 |   243 |   446 |    18 ||   844

Table legend: (Time is in decaauts)
 A = Elapsed time spent in this place.
 B = Non-inter-level travel time spent in this place.
 C = Inter-level travel time spent in this place.
 D = Time resting spent in this place.
 E = Time spent auto-exploring this place.
 F = Levels seen in this place.
 G = Mean time per level.
                   A        B        C        D        E       F      G
               +--------+--------+--------+--------+--------+-----+--------+
         Total |   9144 |   8588 |    556 |     18 |   6073 |  18 |  508.0 |
       Dungeon |   8377 |   7860 |    517 |      0 |   5677 |  13 |  644.4 |
        Temple |    147 |    108 |     39 |      0 |    100 |   1 |  147.0 |
         Abyss |    519 |    519 |      0 |     18 |    252 |   3 |  173.0 |
       Ossuary |    100 |    100 |      0 |      0 |     44 |   1 |  100.0 |
               +--------+--------+--------+--------+--------+-----+--------+

Top non-repeatable levels by time:
    D:12: 1123 daAuts
     D:8: 1085 daAuts
     D:6: 1067 daAuts
     D:7: 900 daAuts
     D:4: 861 daAuts
     D:9: 810 daAuts
     D:5: 616 daAuts
    D:11: 584 daAuts
    D:13: 480 daAuts
 Abyss:3: 446 daAuts
    D:10: 412 daAuts
     D:1: 172 daAuts
  Temple: 147 daAuts
     D:3: 141 daAuts
     D:2: 119 daAuts
